 Dungeon Crawl Stone Soup version 0.22-a0-32-ga749362 (webtiles) character file.

122 grindst0ne the Chucker (level 5, -2/57 HPs)
             Began as an Ogre Hunter on Jan 3, 2018.
             Slain by an orc wizard
             ... wielding a +0 dagger
              (5 damage)
             ... on level 3 of the Dungeon.
             The game lasted 00:05:01 (2440 turns).

grindst0ne the Chucker (Ogre Hunter)                Turns: 2440, Time: 00:05:01

Health: -2/57      AC:  3    Str: 16    XL:     5   Next: 6%
Magic:  5/5        EV: 10    Int: 13    God:
Gold:   159        SH:  0    Dex:  9    Spells: 4/4 levels left

rFire    . . .     SeeInvis .   o - -2 morningstar (curse)
rCold    . . .     Gourm    .   (no shield)
rNeg     . . .     Faith    .   b - +0 robe
rPois    +         Spirit   .   (helmet restricted)
rElec    .         Reflect  .   (no cloak)
rCorr    .         Harm     .   (gloves unavailable)
MR       .....                  (boots unavailable)
Stlth    +.........             (no amulet)
HPRegen  0.19/turn              k - ring of poison resistance
MPRegen  0.09/turn              (no ring)

@: no status effects
A: large, unfitting armour, tough skin 1
a: no special abilities


You were on level 3 of the Dungeon.
You were not hungry.

You visited 1 branch of the dungeon, and saw 3 of its levels.

You collected 159 gold pieces.

Inventory:

Hand Weapons
 h - a +0 club
 o - a cursed -2 morningstar (weapon)
Missiles
 c - 11 stones (quivered)
Armour
 b - a +0 robe (worn)
Jewellery
 k - a ring of poison resistance (left hand)
Scrolls
 e - 2 scrolls of enchant armour
 m - a scroll of amnesia
Potions
 g - a potion of ambrosia
 i - a potion of resistance {unknown}
 j - a potion of degeneration
 l - a potion of magic
 n - a potion of might {unknown}
Comestibles
 f - 4 rations


   Skills:
 + Level 5.1 Fighting
 + Level 5.2 Throwing
 - Level 1.7 Dodging
 - Level 0.6 Stealth


You had 4 spell levels left.
You didn't know any spells.

Dungeon Overview and Level Annotations

Branches:
Dungeon (3/15)

Altars:


Innate Abilities, Weirdness & Mutations

You are too large for most types of armour.
You have tough skin. (AC +1)


Message History

The orc wizard closely misses you. The orc misses you.
The orc wizard casts a spell at you. The magic dart hits you!
You barely miss the orc wizard.
The orc wizard is lightly wounded.
The orc wizard hits you with a dagger.
* * * LOW HITPOINT WARNING * * *
You closely miss the orc wizard.
The orc wizard is lightly wounded.
The orc wizard hits you with a dagger.
* * * LOW HITPOINT WARNING * * *
The orc wizard hits you with a dagger.
* * * LOW HITPOINT WARNING * * *
The orc wizard hits you with a dagger.
* * * LOW HITPOINT WARNING * * *
The orc wizard casts a spell at you. The magic dart hits you!
* * * LOW HITPOINT WARNING * * *
The orc wizard hits you with a dagger.
You die...

#### (o#
#o#
#o######
#@o...(#
####...#
#...#
####...#
#......+
##......# #
........#.#
#.......#.#
..........#


You could see 2 orc wizards and 2 orcs.

Vanquished Creatures
  3 gnolls (D:2)
  5 adders
  A worm (D:2)
  A dart slug (D:2)
  A leopard gecko (D:2)
  An orc (D:3)
  9 bats
  4 giant cockroaches
  2 goblins (D:1)
  6 hobgoblins
  A quokka (D:2)
  3 frilled lizards (D:1)
  4 kobolds
  5 rats
46 creatures vanquished.

Notes
Turn   | Place    | Note
-------+----------+-------------------------------------------
     0 | D:1      | grindst0ne the Ogre Hunter began the quest for the Orb.
     0 | D:1      | Reached XP level 1. HP: 22/22 MP: 1/1
   308 | D:1      | Reached XP level 2. HP: 31/31 MP: 2/2
  1015 | D:2      | Reached XP level 3. HP: 13/39 MP: 3/3
  1466 | D:2      | Reached XP level 4. HP: 49/49 MP: 4/4
  1598 | D:2      | Reached skill level 5 in Throwing
  2422 | D:3      | Reached skill level 5 in Fighting
  2426 | D:3      | Reached XP level 5. HP: 36/57 MP: 5/5
  2440 | D:3      | Slain by an orc wizard

Vault maps used:
D:1:      dpeg_arrival_concentric_ovals, serial_park_tiny_pond
D:3:      lemuel_coloured_pillars_altar, portal_sewer_entry_b

Skill      XL: |  1  2  3  4 |
---------------+-------------+-----
Fighting       | 3 4 5 |  5.1
Throwing       | 5 |  5.2
Dodging        | |  1.7
Stealth        | |  0.6

Action                   |  1- 3 |  4- 6 || total
-------------------------+-------+-------++-------
Melee: Short sword       |    13 |       ||    13
       Club              |    45 |    20 ||    65
       Morningstar       |       |    18 ||    18
Throw: Large rock        |    33 |    19 ||    52
       Throwing net      |     4 |       ||     4
       Stone             |       |     9 ||     9
  Use: Scroll            |       |     6 ||     6
  Eat: Chunk             |     2 |     1 ||     3
       Ration            |       |     1 ||     1
Armor: Robe              |    41 |    24 ||    65
Dodge: Dodged            |    60 |    46 ||   106

Table legend:
 A = Spawn XP
 B = Non-spawn XP
 C = Spawn XP percentage of total XP
 D = Spawn monster count
 E = Non-spawn monster count
 F = Spawn count percentage of total count
 G = Total turns spent on level
                    A         B        C        D         E        F      G
               +---------+---------+-------+---------+---------+-------+---------
         Total |       0 |     175 |   0.0 |       0 |      46 |   0.0 |  2440
               +---------+---------+-------+---------+---------+-------+---------
           D:1 |       0 |      31 |   0.0 |       0 |      20 |   0.0 |   973
           D:2 |       0 |     112 |   0.0 |       0 |      22 |   0.0 |  1391
           D:3 |       0 |      32 |   0.0 |       0 |       4 |   0.0 |    76
               +---------+---------+-------+---------+---------+-------+---------
